Map: Astillero orbital

Players

Xandros - Winner!

  • Race: Zerg Zerg

IA (Muy fácil) 1

  • Race: Zerg Zerg

VOD

Have the link to the VOD?

Description

Time

  • Played on: Nov. 20, 2015, 8:33 a.m.
  • Length: 13:04
Show
View Real Time Build Order
Export as new Build Order

Xandros Zerg - Winner!

Build Orders: Pool First 

Get SALT Encoding   

  12  0:02  Drone  
  13  0:08  Drone  
  14  0:17  Overlord  
  14  0:36  Spawning Pool  
  14  0:38  Drone  
  14  0:43  Drone  
  14  0:48  Drone  
  16  1:15  Hatchery  
  15  1:23  Drone x2  
  17  1:27  Queen  
  19  1:34  Overlord  
  19  1:42  Extractor  
  18  1:51  Drone x2  
  20  2:00  Zergling x2  
  21  2:12  Zergling x2  
  22  2:24  Zergling x2  
  22  2:27  Queen  
  22  2:29  Drone  
  26  2:50  Drone  
  26  2:51  Drone  
  28  2:53  Overlord  
  28  2:57  Drone x2  
  28  2:58  Drone  
  31  3:02  Queen  
  33  3:07  Metabolic Boost  
  33  3:12  Drone  
  34  3:13  Drone, Extractor  
  34  3:14  Drone x2  
  36  3:25  Drone x2  
  36  3:26  Drone  
  39  3:53  Hatchery  
  38  3:57  Drone x2  
  38  3:58  Drone  
  38  4:00  Drone  
  38  4:01  Drone  
  43  4:34  Lair  
  43  4:45  Roach Warren  
  42  4:48  Drone x2  
  44  4:54  Extractor  
  44  4:55  Overlord x2  
  44  4:56  Extractor  
  43  5:14  Drone  
  43  5:30  Drone x3  
  43  5:35  Drone x2  
  48  5:36  Drone x2  
  48  5:38  Overlord x2  
  50  6:04  Infestation Pit  
  50  6:09  Drone x2  
  50  6:10  Drone  
  50  6:11  Drone x3, Hydralisk Den  
  54  6:13  Drone x3  
  54  6:16  Overlord x3  
  57  6:21  Queen  
  57  6:22  Queen  
  58  6:56  Queen  
  58  6:58  Swarm Host x3  
  69  7:04  Hydralisk x3, Roach  
  69  7:05  Hydralisk x2, Roach x3  
  69  7:06  Roach  
  89  7:39  Overseer  
  89  7:54  Drone x3  
  89  7:55  Drone x2  
  89  7:58  Drone x2  
  96  8:15  Spire  
  95  8:23  Spine Crawler  
  94  9:35  Hydralisk  
  94  9:36  Hydralisk, Roach x2  
  94  9:37  Roach  
  104  9:56  Ravager  
  103  11:52  Extractor  
  102  11:57  Extractor  
  101  12:20  Hatchery  
Show
View Real Time Build Order
Export as new Build Order

IA (Muy fácil) 1 Zerg 

Build Orders: Pool First 

Get SALT Encoding   

  12  0:01  Drone  
  13  0:12  Overlord  
  13  0:17  Drone  
  14  0:35  Spawning Pool  
  13  0:37  Drone  
  13  0:42  Extractor  
  13  0:44  Drone  
  14  0:51  Overlord  
  14  1:22  Zergling x2, Queen  
  17  1:30  Roach Warren  
  16  1:33  Drone  
  16  1:37  Extractor  
  16  1:41  Drone  
  16  1:43  Zergling x2  
  18  1:55  Drone  
  19  2:04  Zergling x2  
  19  2:05  Drone  
  21  2:16  Drone  
  22  2:27  Drone  
  22  2:28  Overlord  
  23  2:34  Drone  
  24  2:41  Drone  
  25  4:30  Zergling x2  
  25  6:02  Lair, Drone  
  26  6:08  Hatchery  
  26  6:09  Drone  
  26  6:17  Drone  
  27  6:24  Drone  
  28  6:31  Drone  
  28  6:32  Overlord  
  29  6:38  Drone  
  30  6:43  Zergling x2  
  28  7:00  Overseer x2  
  28  7:04  Spire  
  28  7:07  Zergling x2  
  28  7:21  Drone  
  29  7:28  Drone  
  29  7:29  Extractor  
  29  7:31  Zergling x2, Extractor  
  29  7:35  Drone  
  30  7:42  Drone  
  31  7:50  Drone  
  32  7:57  Drone  
  33  8:04  Drone  
  34  8:11  Drone  
  35  8:15  Mutalisk  
  35  8:18  Drone  
  38  8:25  Drone  
  39  8:33  Drone  
  40  8:40  Drone  
  41  8:47  Drone  
  42  8:55  Drone  
  43  9:02  Drone  
  44  9:09  Drone  
  45  9:10  Overlord  
  45  9:16  Drone  
  46  9:23  Drone  
  47  9:46  Zergling x2  
  43  9:53  Overseer  
  43  9:54  Overlord  
  43  10:10  Zergling x2  
  43  10:13  Overlord  
  43  10:17  Overseer  
  41  10:27  Queen  
  39  10:29  Drone  
  39  10:32  Overlord  
  39  10:34  Zergling x2  
  38  10:36  Drone  
  38  10:47  Drone  
  35  10:51  Overlord  
  35  10:52  Overseer  
  35  10:54  Drone  
  30  11:02  Zergling x2  
  28  11:06  Drone  
  25  11:18  Overlord  
  22  11:20  Pneumatized Carapace  
  22  11:22  Extractor  
  18  11:36  Drone  
  19  11:42  Spawning Pool  
  19  11:43  Drone  
  18  11:50  Drone  
  19  12:08  Overlord  
  19  12:26  Drone  
  19  12:27  Overlord  
  17  12:34  Drone  
  10  12:38  Zergling x2  
Tags
 
Add a new tag
Caveats
  • Supply blocks, unpowered buildings, or Contaminate may cause inaccurate times.
  • Supply counts are checked every 10 seconds.